General information
- name: BNet
- type: Ladder team game (AT/RT)
- host: Battle.net
- saver: 10-10-10
map: Mur'gulOasis
- players: 8
- length: 30:30
- speed: Fast
- version: 1.24 W3XP
- replay type: Public
» download(160 KB)
Players
team 1 (loser)

»
Yoko_Kurama_Fox (
yellow | 26 APM | 678 actions | 25:37)
3 Death Knight
2 Death Coil
1 Unholy Aura
» actions
| Basic commands | 5 | |
| Build / train | 36 | |
| Enter build submenu | 20 | |
| Enter hero's abilities submenu | 3 | |
| Remove unit from queue | 1 | |
| Right click | 325 | |
| Select / deselect | 252 | |
| Use ability | 36 | |
678 total
» units
| Acolyte | 7 | |
| Ghoul | 9 | |
| Frost Wyrm | 6 | |
22 total
» upgrades
| Creature Attack | 3 | |
| Creature Carapace | 1 | |
| Freezing Breath | 1 | |
5 total
» buildings
| Crypt | 1 | |
| Altar of Darkness | 1 | |
| Ziggurat | 9 | |
| Tomb of Relics | 1 | |
| Graveyard | 1 | |
| Halls of the Dead | 1 | |
| Black Citadel | 1 | |
| Sacrificial Pit | 1 | |
| Boneyard | 3 | |
| Necropolis | 1 | |
20 total
» build order
00:13 Crypt
00:18 Altar of Darkness
00:46 Ziggurat
01:01 Ziggurat
01:33 Tomb of Relics
02:12 Ziggurat
03:28 Graveyard
06:09 Halls of the Dead
07:46 Ziggurat
08:59 Black Citadel
09:06 Ziggurat
09:12 Sacrificial Pit
10:18 Ziggurat
10:23 Ziggurat
11:22 Boneyard
11:25 Boneyard
11:29 Boneyard
11:35 Ziggurat
11:41 Ziggurat
18:26 Necropolis
» items
| Rod of Necromancy | 1 | |
| Dust of Appearance | 1 | |
2 total

»
Saladnbeer (
blue | 48 APM | 1326 actions | 27:30)
4 Priestess of the Moon
2 Trueshot Aura
2 Searing Arrows
3 Keeper of the Grove
2 Entangling Roots
1 Thorns Aura
1 Death Knight
1 Unholy Aura
» actions
| Basic commands | 172 | |
| Build / train | 89 | |
| Enter build submenu | 27 | |
| Enter hero's abilities submenu | 8 | |
| Right click | 462 | |
| Select / deselect | 515 | |
| Use ability | 53 | |
1326 total
» units
| Wisp | 30 | |
| Archer | 20 | |
| Hippogryph | 14 | |
64 total
» upgrades
| Improved Bows | 1 | |
| Hippogryph Taming | 1 | |
| Strength of the Moon | 3 | |
| Moon Armor | 3 | |
| Marksmanship | 1 | |
9 total
» buildings
| Altar of Elders | 1 | |
| Moon Well | 7 | |
| Ancient of War | 1 | |
| Ancient of Wonders | 1 | |
| Hunter's Hall | 1 | |
| Ancient Protector | 9 | |
| Tree of Ages | 1 | |
| Tree of Eternity | 2 | |
| Ancient of Wind | 2 | |
25 total
» build order
00:10 Altar of Elders
00:15 Moon Well
00:53 Ancient of War
01:39 Moon Well
02:05 Ancient of Wonders
02:34 Hunter's Hall
03:39 Moon Well
04:45 Ancient Protector
05:02 Ancient Protector
05:08 Ancient Protector
05:14 Ancient Protector
05:44 Ancient Protector
05:52 Ancient Protector
06:59 Tree of Ages
09:09 Ancient Protector
09:23 Tree of Eternity
09:45 Ancient Protector
10:02 Ancient Protector
11:42 Ancient of Wind
13:02 Ancient of Wind
13:52 Tree of Eternity
15:38 Moon Well
16:38 Moon Well
20:37 Moon Well
20:47 Moon Well
» items
| Dust of Appearance | 1 | |
| Scroll of Town Portal | 2 | |
3 total
skate123 (
pink | 17 APM | 503 actions | 29:12)
1 Dreadlord
1 Sleep
» actions
| Build / train | 92 | |
| Enter build submenu | 25 | |
| Enter hero's abilities submenu | 1 | |
| Remove unit from queue | 3 | |
| Right click | 242 | |
| Select / deselect | 122 | |
| Use ability | 18 | |
503 total
» units
| Acolyte | 15 | |
| Ghoul | 12 | |
| Crypt Fiend | 24 | |
| Gargoyle | 11 | |
| Abomination | 9 | |
| Frost Wyrm | 7 | |
78 total
» buildings
| Crypt | 1 | |
| Ziggurat | 8 | |
| Altar of Darkness | 1 | |
| Graveyard | 1 | |
| Spirit Tower | 6 | |
| Halls of the Dead | 1 | |
| Sacrificial Pit | 1 | |
| Slaughterhouse | 1 | |
| Black Citadel | 1 | |
| Boneyard | 1 | |
22 total
» build order
01:29 Crypt
02:41 Ziggurat
02:53 Ziggurat
03:24 Altar of Darkness
03:49 Ziggurat
03:56 Ziggurat
04:27 Graveyard
04:39 Ziggurat
06:08 Ziggurat
06:15 Ziggurat
07:23 Spirit Tower
08:28 Spirit Tower
10:06 Spirit Tower
10:06 Spirit Tower
10:33 Halls of the Dead
13:00 Sacrificial Pit
13:12 Slaughterhouse
15:34 Black Citadel
19:49 Ziggurat
21:07 Boneyard
pokerninja (
green | 60 APM | 1817 actions | 30:29)
5 Mountain King
1 Thunder Clap
1 Bash
3 Storm Bolt
5 Paladin
2 Holy Light
2 Divine Shield
1 Devotion Aura
2 Archmage
1 Brilliance Aura
1 Blizzard
» actions
| Assign group hotkey | 28 | |
| Basic commands | 2 | |
| Build / train | 100 | |
| Enter build submenu | 34 | |
| Enter hero's abilities submenu | 12 | |
| Give item / drop item | 17 | |
| Right click | 899 | |
| Select / deselect | 362 | |
| Select group hotkey | 206 | |
| Use ability | 157 | |
1817 total
» units
| Peasant | 15 | |
| Knight | 1 | |
| Gryphon Rider | 5 | |
| Dragonhawk Rider | 5 | |
| Siege Engine | 9 | |
35 total
» upgrades
| Masonry | 3 | |
| Plating | 2 | |
| Swords | 3 | |
| Lumber Harvesting | 2 | |
| Armor | 3 | |
| Magic Sentry | 1 | |
| Storm Hammers | 1 | |
| Animal War Training | 1 | |
| Barrage | 1 | |
| Flak Cannons | 1 | |
| Gunpowder | 1 | |
| Cloud | 1 | |
20 total
» buildings
| Farm | 12 | |
| Lumber Mill | 2 | |
| Altar of Kings | 1 | |
| Keep | 1 | |
| Scout Tower | 10 | |
| Barracks | 1 | |
| Blacksmith | 2 | |
| Guard Tower | 8 | |
| Arcane Tower | 1 | |
| Castle | 1 | |
| Gryphon Aviary | 2 | |
| Arcane Sanctum | 1 | |
| Arcane Vault | 2 | |
| Workshop | 4 | |
| Town Hall | 1 | |
49 total
» build order
00:23 Farm
01:27 Farm
01:53 Lumber Mill
02:05 Farm
02:25 Altar of Kings
02:44 Keep
02:59 Scout Tower
03:01 Scout Tower
03:33 Barracks
03:49 Blacksmith
03:53 Guard Tower
04:07 Arcane Tower
05:20 Blacksmith
06:20 Farm
06:42 Castle
07:00 Gryphon Aviary
07:38 Scout Tower
07:39 Scout Tower
07:49 Gryphon Aviary
08:37 Guard Tower
08:50 Farm
08:52 Guard Tower
08:59 Lumber Mill
09:04 Scout Tower
09:16 Arcane Sanctum
10:00 Guard Tower
10:46 Farm
11:32 Scout Tower
12:01 Guard Tower
12:05 Farm
12:06 Farm
13:21 Arcane Vault
15:03 Arcane Vault
15:45 Workshop
15:46 Workshop
15:51 Workshop
16:46 Workshop
17:43 Farm
17:43 Farm
17:44 Farm
19:45 Farm
22:50 Town Hall
26:44 Scout Tower
28:35 Guard Tower
28:47 Guard Tower
28:56 Scout Tower
28:56 Scout Tower
28:56 Scout Tower
30:01 Guard Tower
» items
| Staff of Teleportation | 3 | |
| Boots of Speed | 2 | |
| Periapt of Vitality | 1 | |
| Potion of Healing | 4 | |
| Orb of Fire | 2 | |
| Lesser Clarity Potion | 2 | |
| Ivory Tower | 4 | |
18 total
team 2 (winner)

»
10-10-10 (
orange | 60 APM | 1841 actions | 30:30)
5 Archmage
3 Blizzard
2 Brilliance Aura
3 Blademaster
1 Wind Walk
1 Critical Strike
1 Bladestorm
3 Blood Mage
2 Flame Strike
1 Banish
» actions
| Assign group hotkey | 29 | |
| Basic commands | 5 | |
| Build / train | 131 | |
| Enter build submenu | 61 | |
| Enter hero's abilities submenu | 11 | |
| Give item / drop item | 3 | |
| Right click | 802 | |
| Select / deselect | 458 | |
| Select group hotkey | 125 | |
| Use ability | 216 | |
1841 total
» units
| Peasant | 15 | |
| Peon | 3 | |
| Mortar Team | 11 | |
| Sorceress | 6 | |
| Troll Batrider | 5 | |
| Flying Machine | 12 | |
52 total
» upgrades
| Masonry | 6 | |
| Lumber Harvesting | 4 | |
| Sorceress Training | 1 | |
| Gunpowder | 3 | |
| Armor | 1 | |
| Fragmentation Shards | 2 | |
| Flare | 2 | |
| Reinforced Defenses | 1 | |
| Spiked Barricades | 2 | |
| Flak Cannons | 2 | |
| Plating | 1 | |
25 total
» buildings
| Altar of Kings | 2 | |
| Barracks | 1 | |
| Lumber Mill | 2 | |
| Farm | 16 | |
| Altar of Storms | 1 | |
| Orc Burrow | 4 | |
| Scout Tower | 31 | |
| Guard Tower | 13 | |
| Arcane Tower | 3 | |
| Keep | 6 | |
| Voodoo Lounge | 1 | |
| Blacksmith | 2 | |
| Castle | 2 | |
| Workshop | 5 | |
| Arcane Sanctum | 3 | |
| Arcane Vault | 2 | |
| Watch Tower | 2 | |
| Cannon Tower | 1 | |
97 total
» build order
00:06 Altar of Kings
00:28 Barracks
00:35 Lumber Mill
00:38 Farm
00:41 Farm
00:58 Altar of Storms
01:03 Orc Burrow
01:21 Altar of Kings
01:23 Farm
01:28 Farm
01:31 Scout Tower
01:32 Scout Tower
01:39 Scout Tower
01:41 Scout Tower
01:43 Scout Tower
02:04 Guard Tower
02:10 Scout Tower
02:12 Scout Tower
02:21 Orc Burrow
02:25 Guard Tower
02:39 Arcane Tower
02:50 Guard Tower
02:55 Scout Tower
02:57 Scout Tower
03:04 Scout Tower
03:05 Scout Tower
03:07 Scout Tower
03:08 Guard Tower
03:14 Scout Tower
03:15 Scout Tower
03:17 Scout Tower
03:17 Scout Tower
03:40 Arcane Tower
03:49 Guard Tower
04:13 Keep
04:16 Guard Tower
04:22 Keep
04:22 Keep
04:22 Keep
05:00 Voodoo Lounge
05:06 Guard Tower
05:09 Arcane Tower
05:15 Guard Tower
06:12 Guard Tower
06:40 Blacksmith
06:50 Castle
07:05 Castle
07:07 Blacksmith
07:46 Workshop
07:48 Workshop
07:49 Arcane Sanctum
07:56 Workshop
08:56 Workshop
08:58 Workshop
09:31 Orc Burrow
09:32 Orc Burrow
09:36 Farm
09:37 Farm
09:38 Farm
09:39 Farm
09:42 Farm
09:42 Farm
09:47 Farm
09:47 Farm
09:48 Farm
10:09 Farm
10:11 Farm
10:13 Farm
11:41 Arcane Sanctum
15:04 Arcane Vault
18:50 Arcane Vault
26:11 Scout Tower
26:14 Scout Tower
26:15 Scout Tower
26:16 Scout Tower
26:16 Scout Tower
26:17 Scout Tower
26:44 Watch Tower
26:45 Watch Tower
26:49 Scout Tower
26:51 Scout Tower
26:51 Scout Tower
26:52 Scout Tower
26:56 Cannon Tower
27:01 Lumber Mill
27:26 Guard Tower
27:28 Guard Tower
27:31 Scout Tower
27:32 Scout Tower
27:33 Scout Tower
27:33 Scout Tower
27:41 Scout Tower
28:42 Guard Tower
28:43 Guard Tower
30:08 Arcane Sanctum
» items
| Healing Salve | 2 | |
| Potion of Invisibility | 1 | |
| Boots of Speed | 1 | |
| Staff of Teleportation | 1 | |
| Scroll of Town Portal | 5 | |
10 total

»
ggha (
purple | 70 APM | 2135 actions | 30:30)
6 Death Knight
3 Death Coil
3 Unholy Aura
3 Blademaster
2 Critical Strike
1 Wind Walk
» actions
| Assign group hotkey | 51 | |
| Basic commands | 2 | |
| Build / train | 109 | |
| ESC pressed | 11 | |
| Enter build submenu | 40 | |
| Enter hero's abilities submenu | 9 | |
| Right click | 1198 | |
| Select / deselect | 459 | |
| Select group hotkey | 105 | |
| Use ability | 151 | |
2135 total
» units
| Acolyte | 9 | |
| Peon | 11 | |
| Peasant | 4 | |
| Ghoul | 12 | |
| Troll Batrider | 19 | |
| Gargoyle | 12 | |
| Frost Wyrm | 5 | |
| Crypt Fiend | 2 | |
74 total
» upgrades
| Liquid Fire | 1 | |
| Freezing Breath | 1 | |
| Armor | 2 | |
| Creature Carapace | 1 | |
5 total
» buildings
| War Mill | 1 | |
| Lumber Mill | 1 | |
| Graveyard | 2 | |
| Orc Burrow | 7 | |
| Ziggurat | 9 | |
| Altar of Darkness | 1 | |
| Watch Tower | 6 | |
| Crypt | 2 | |
| Nerubian Tower | 1 | |
| Guard Tower | 1 | |
| Spirit Tower | 6 | |
| Tomb of Relics | 2 | |
| Stronghold | 4 | |
| Halls of the Dead | 1 | |
| Fortress | 1 | |
| Beastiary | 2 | |
| Black Citadel | 1 | |
| Sacrificial Pit | 1 | |
| Boneyard | 2 | |
| Necropolis | 1 | |
52 total
» build order
00:11 War Mill
00:26 Lumber Mill
00:31 Graveyard
00:58 Orc Burrow
01:03 Orc Burrow
01:16 Ziggurat
01:18 Ziggurat
01:31 Altar of Darkness
01:42 Ziggurat
01:51 Watch Tower
02:04 Crypt
02:17 Watch Tower
02:29 Nerubian Tower
02:56 Watch Tower
03:10 Guard Tower
03:19 Watch Tower
03:29 Spirit Tower
03:39 Tomb of Relics
03:54 Watch Tower
04:39 Spirit Tower
05:04 Stronghold
05:04 Stronghold
05:05 Stronghold
06:09 Halls of the Dead
06:20 Ziggurat
06:35 Ziggurat
06:37 Ziggurat
07:31 Spirit Tower
07:33 Spirit Tower
07:39 Fortress
07:41 Beastiary
07:43 Beastiary
08:19 Graveyard
08:40 Black Citadel
09:24 Ziggurat
09:26 Ziggurat
09:42 Sacrificial Pit
10:58 Orc Burrow
11:00 Orc Burrow
11:11 Spirit Tower
11:13 Boneyard
11:15 Boneyard
11:57 Orc Burrow
15:00 Tomb of Relics
16:37 Orc Burrow
16:39 Orc Burrow
18:11 Crypt
23:59 Necropolis
24:39 Watch Tower
28:24 Ziggurat
29:20 Spirit Tower
» items
| Scroll of Town Portal | 1 | |
| Orb of Lightning | 1 | |
2 total
Chat log
(00:13 / All) pokerninja: gg
(00:14 / Allies) 10-10-10: --
(00:15 / All) pokerninja: ownd
(00:16 / Allies) ggha: just mass towers
(00:20 / Allies) 10-10-10: kk
(00:31 / Allies) 10-10-10: who should i take
(00:38 / Allies) ggha: and then just afk
(00:42 / Allies) ggha: take anyone
(00:44 / Allies) ggha: just mass towers
(00:47 / Allies) ggha: control both
(01:09 / Allies) ggha: you take red
(01:11 / Allies) ggha: ill teal
(01:13 / Allies) 10-10-10: k
(01:37 / Allies) ggha: we will just proto
(01:39 / Allies) ggha: to mass air
(01:43 / Allies) 10-10-10: ya
(01:48 / Allies) 10-10-10: am blizz
(01:48 / Allies) 10-10-10: and bm
(01:54 / Allies) 10-10-10: and blm
(02:06 / Allies) ggha: yeah
(02:09 / Allies) ggha: we can harass
(02:10 / Allies) ggha: heaps
(02:31 / Allies) 10-10-10: LOL
(02:35 / Allies) ggha: LOL
(02:39 / Allies) ggha: be lol if we win
(02:41 / Allies) ggha: we can post rofl
(02:42 / Allies) 10-10-10: we will
(03:59 / Allies) ggha: try and tech
(04:00 / Allies) ggha: now
(04:05 / Allies) 10-10-10: wood
(04:38 / All) pokerninja: yawn*
(04:39 / All) pokerninja: retard
(04:41 / All) pokerninja: shu flee
(04:57 / All) pokerninja: gtfo
(04:58 / All) pokerninja: thx
(05:08 / All) pokerninja: that was sad
(05:56 / Allies) 10-10-10: tech
(07:00 / Allies) 10-10-10: ?
(08:17 / All) pokerninja: u suck
(10:06 / Allies) ggha: lol
(10:16 / Allies) 10-10-10: need aa
(10:18 / Allies) 10-10-10: for gren
(11:11 / All) pokerninja: shu fly
(11:15 / All) pokerninja: u blow
(12:02 / Allies) 10-10-10: get some aa
(12:04 / Allies) 10-10-10: for gryph
(12:13 / Allies) ggha: gettting some gargs
(12:29 / Allies) ggha: they going mass worms
(12:49 / Allies) ggha: get some copter
(12:50 / Allies) 10-10-10: gryos
(12:51 / Allies) 10-10-10: or
(12:53 / Allies) 10-10-10: invis mort
(12:56 / Allies) ggha: or go beyond 50 bats
(12:58 / Allies) ggha: gyros
(13:32 / All) pokerninja: shu
(13:42 / All) pokerninja: thx for kill noob
(15:22 / Allies) 10-10-10: is greens base blocked
(15:24 / Allies) 10-10-10: or can i hall him
(15:29 / Allies) ggha: yes
(15:31 / Allies) ggha: now it isnt
(16:20 / Allies) ggha: when should we break 50 food bats?
(17:25 / All) pokerninja: BRING IT!!!!
(17:28 / All) pokerninja: I will RAPE u
(19:20 / Allies) 10-10-10: ima bat yellows wyrms now
(19:26 / Allies) ggha: kk
(19:28 / Allies) ggha: invis them
(19:28 / Allies) ggha: lol
(19:32 / Allies) 10-10-10: genius
(19:51 / Allies) ggha: get blues hipps
(20:20 / All) pokerninja: rdy to get bent over noob?
(20:27 / All) 10-10-10: yes
(20:30 / Allies) ggha: lol
(20:36 / All) Yoko_Kurama_Fox: this is gonna be retarded
(20:36 / Allies) 10-10-10: help me
(20:40 / All) Yoko_Kurama_Fox: and not ina good way
(21:01 / All) 10-10-10: uhuhu
(21:09 / All) pokerninja: run bICTH!!
(21:35 / All) 10-10-10: gg
(21:36 / All) 10-10-10: leave
(22:03 / All) pokerninja: yawn***
(22:15 / All) 10-10-10: trashtalker down
(22:27 / All) pokerninja: dood u suck
(22:29 / All) pokerninja: hahaha
(22:29 / Allies) 10-10-10: look at pink
(22:33 / All) pokerninja: this isnt even close
(22:37 / All) pokerninja: wake up
(22:51 / All) Yoko_Kurama_Fox: i cant handle this anymore
(22:55 / All) 10-10-10: u lost
(22:56 / All) 10-10-10: gg
(23:05 / All) pokerninja: zzzzzz
(23:09 / All) pokerninja: come to my base
(23:12 / All) 10-10-10: make excuses
(23:12 / All) pokerninja: so i can rape u
(23:17 / All) 10-10-10: come to my base
(23:20 / All) 10-10-10: o u jsut did
(23:22 / All) 10-10-10: and got raped
(23:34 / All) 10-10-10: highper.ch
(23:39 / All) 10-10-10: to see this replay
(24:25 / All) pokerninja: shu flee
(25:30 / Allies) 10-10-10: leme am 6
(25:32 / Allies) 10-10-10: pleease
(25:33 / Allies) 10-10-10: go away
(25:42 / All) 10-10-10: bye trash
(25:46 / All) 10-10-10: shitnoob
(25:53 / All) Saladnbeer: what happend on 10-10-10?
(26:19 / All) Saladnbeer: whats gonna happen on 10-10-10?
(26:46 / All) Saladnbeer: oj?
(27:25 / All) pokerninja: zzzz
(28:37 / Allies) 10-10-10: do we have aa
(30:22 / All) pokerninja: stats
(30:26 / All) pokerninja: u are pathetic